 Dungeon Crawl Stone Soup version 0.31.0-11-ge490571c62 (webtiles) character file.

Game seed: 14036027671263647100

13 qw the Shooter (level 2, -1/14 HPs)
             Began as a Spriggan Hunter on Feb 5, 2024.
             Succumbed to an adder's poison
             ... on level 2 of the Dungeon.
             The game lasted 00:00:26 (569 turns).

qw the Shooter (Spriggan Hunter)                     Turns: 569, Time: 00:00:26

Health: -1/14      AC:  5    Str:  7    XL:     2   Next: 24%
Magic:  3/3        EV: 19    Int: 10    God:
Gold:   58         SH:  0    Dex: 18    Spells: 1/1 levels left

rFire   . . .        a - +0 shortbow
rCold   . . .        (shield currently unavailable)
rNeg    . . .        c - +0 robe
rPois   +            (helmet restricted)
rElec   .            d - +2 cloak {rPois}
rCorr   .            (gloves unavailable)
SInv    +            (boots unavailable)
Will    .....        (no amulet)
Stlth   ++           (no ring)
HPRegen 0.22/turn    (no ring)
MPRegen 0.08/turn

%: no passive effects
@: lethally poisoned (-1 -> -6), very quick
A: very small, no large weapons, unfitting armour, see invisible, speed 3
a: no special abilities


You were on level 2 of the Dungeon.
You visited 1 branch of the dungeon, and saw 2 of its levels.

You collected 58 gold pieces.


Innate Abilities, Weirdness & Mutations

You are very small and have problems with some larger weapons.
You are too small for most types of armour.
You have supernaturally acute eyesight. (SInv)
You cover ground extremely quickly. (Speed+++)


   Skills:
 - Level 1.5 Fighting
 + Level 4.0 Ranged Weapons
 - Level 4.0 Dodging
 - Level 1.5 Stealth


You had one spell level left.
You didn't know any spells.
Your spell library was empty.

Inventory:

Hand Weapons
 a - a +0 shortbow (weapon)
Armour
 c - a +0 robe (worn)
 d - a +2 cloak of poison resistance (worn)
Potions
 h - a potion of mutation {unknown}

Dungeon Overview and Level Annotations

Branches:
Dungeon (2/15)

Altars:


Message History

An adder comes into view.
Found a hand axe.
You shoot an arrow. The arrow hits the adder.
The adder hisses angrily.
The adder is lightly wounded.
You hear a shout!
A goblin comes into view. It is wielding a +0 club.
You hear a loud squeak.
You shoot an arrow. The arrow closely misses the goblin.
The goblin closely misses you.
You shoot an arrow. The arrow hits the goblin.
The goblin is moderately wounded.
The goblin misses you.
You shoot an arrow. The arrow barely misses the goblin.
The adder closely misses you. The goblin hits you with a +0 club.
The adder misses you.
You shoot an arrow. The arrow closely misses the goblin.
You hear a loud squeak.
The goblin misses you. The adder bites you.
You are poisoned.
The adder poisons you!
You hear an angry hiss.
You shoot an arrow. The arrow hits the goblin.
You kill the goblin!
You feel sick. The adder bites you.
You are lethally poisoned!
The adder poisons you!
A rat comes into view.
The adder bites you.
You shoot an arrow. The arrow closely misses the adder.
You feel very sick. The adder misses you.
You shoot an arrow. The arrow closely misses the adder.
You feel very sick. The adder barely misses you. The rat misses you.
The adder bites you but does no damage.
You shoot an arrow.
The arrow hits the adder but does no damage.
The adder is lightly wounded.
You die...

#######.#
#.........
.......<#
#.###.##.#
############.#
#.........#.#.#.
##...#.........
#.##.###.#.#.. #
#.# ... #.# #.#
#@# ...
#).r#S.....#..
#....##
##.##.##. ###. #
#


You could see an adder and a rat.

Vanquished Creatures
  4 goblins
  A hobgoblin (D:1)
  3 ball pythons
  A bat (D:1)
  4 kobolds (D:1)
  A rat (D:1)
14 creatures vanquished.

Notes
Turn   | Place    | Note
-------+----------+-------------------------------------------
     0 | D:1      | qw the Spriggan Hunter began the quest for the Orb.
     0 | D:1      | Reached XP level 1. HP: 10/10 MP: 2/2
     0 | D:1      | 0 ||| qw: Version: 0.3-a-160-g6735b56
     0 | D:1      | 0 ||| qw: Game counter: 6404
     0 | D:1      | 0 ||| qw: Melee chars always use a shield: true
     0 | D:1      | 0 ||| qw: God list: Okawaru
     0 | D:1      | 0 ||| qw: Allow faded altars: false
     0 | D:1      | 0 ||| qw: Do Orc after clearing Dungeon:15 true
     0 | D:1      | 0 ||| qw: Do second Lair branch before Depths: true
     0 | D:1      | 0 ||| qw: Lair rune preference: random
     0 | D:1      | 0 ||| qw: Goals: Normal
     0 | D:1      | 0 ||| PLANNING D:1-11
    76 | D:1      | Reached skill level 3 in Dodging
   346 | D:1      | Reached XP level 2. HP: 14/14 MP: 3/3
   501 | D:1      | 501 ||| READING scroll labelled ZEGO ISSYACUA.
   501 | D:1      | Identified a scroll of acquirement
   501 | D:1      | 501 ||| ACQUIRING +1 cloak of poison resistance
   501 | D:1      | Acquired a +1 cloak of poison resistance
   503 | D:1      | 503 ||| UPGRADING to +1 cloak of poison resistance.
   508 | D:1      | 508 ||| READING 2 scrolls labelled OMIQORCHEABI.
   509 | D:1      | 509 ||| READING scroll labelled MOTE SUYXKO.
   509 | D:1      | 509 ||| ENCHANTING +1 cloak of poison resistance.
   510 | D:1      | 510 ||| READING scroll labelled SIESAU MEOTOLO.
   510 | D:1      | 510 ||| IDENTIFYING black potion
   511 | D:1      | 511 ||| READING scroll labelled ANGIQA HODOST.
   512 | D:1      | 512 ||| DROPPING scroll of butterflies.
   513 | D:1      | 513 ||| DROPPING scroll of fear.
   514 | D:1      | 514 ||| DROPPING potion of attraction.
   568 | D:2      | HP: 1/14 [poisoned by an adder]
   569 | D:2      | Succumbed to an adder's poison

Levels and vault maps discovered:
D:1:      dpeg_arrival_simpleton_c, layout_basic, minmay_misc_feat_diagonals
D:2:      layout_loops_ring, shapermc_ecumenical_altar_flowoftime, serial_shops,
          shop, grunt_ministairs_1

Skill      XL: |  1  2 |
---------------+-------+-----
Dodging        | 3 4 |  4.0
Fighting       | |  1.5
Ranged Weapons | |  4.0
Stealth        | |  1.5

Action                     || total
---------------------------++-------
   Fire: Shortbow          ||    32
    Use: Scroll            ||     5
 Armour: Robe              ||     6
  Dodge: Dodged            ||    10

Table legend:
 A = Non-vault XP
 B = Vault XP
 C = Vault XP percentage of total XP
 D = Non-vault monster count
 E = Vault monster count
 F = Vault count percentage of total count
                 A         B        C        D         E       F
            +---------+---------+-------+---------+---------+-------
      Total |      19 |       0 |   0.0 |      14 |       0 |   0.0
            +---------+---------+-------+---------+---------+-------
        D:1 |      16 |       0 |   0.0 |      12 |       0 |   0.0
        D:2 |       3 |       0 |   0.0 |       2 |       0 |   0.0
            +---------+---------+-------+---------+---------+-------
